 Seeded DCSS version 0.32-a0-960-g3814254bd7 (webtiles) character file.

Game seed: 202404176 (custom seed)

416 Orlauf the Slasher (level 6, -2/49 HPs)
             Began as a Demonspawn Gladiator on Apr 17, 2024.
             Slain by a shadow imp (5 damage)
             ... on level 5 of the Dungeon.
             The game lasted 00:05:06 (3593 turns).

Orlauf the Slasher (Demonspawn Gladiator)           Turns: 3593, Time: 00:05:08

Health: -2/49      AC:  8    Str: 16    XL:     6   Next: 60%
Magic:  6/6        EV:  9    Int:  8    God:
Gold:   260        SH:  0    Dex: 17    Spells: 5/5 levels left

rFire   + . .        a - +0 long sword
rCold   + . .        (no shield)
rNeg    . . .        u - +0 scale mail
rPois   .            c - +1 helmet
rElec   .            (no cloak)
rCorr   .            (no gloves)
SInv    .            (no boots)
Will    .....        (no amulet)
Stlth   +            i - ring of protection from fire
HPRegen 0.28/turn    s - ring of protection from cold
MPRegen 0.10/turn

%: no passive effects
@: no status effects
A: thin skeletal structure 1, weakness stinger 2
a: no special abilities


You were on level 5 of the Dungeon.
You visited 1 branch of the dungeon, and saw 5 of its levels.

You collected 281 gold pieces.
You spent 21 gold pieces at shops.

Inventory:

Hand Weapons
 a - a +0 long sword (weapon)
Missiles
 d - 3 throwing nets (quivered)
 e - a javelin
Armour
 c - a +1 helmet (worn)
 u - a +0 scale mail (worn)
Jewellery
 g - a ring of magical power
 i - a ring of protection from fire (left hand)
 o - a +6 ring of intelligence
 s - a ring of protection from cold (right hand)
Scrolls
 b - a scroll of fear
 f - 3 scrolls of poison
 l - a scroll of silence {unknown}
 m - a scroll of teleportation
 p - a scroll of enchant armour
 q - a scroll of vulnerability
Potions
 h - 3 potions of heal wounds
 j - a potion of attraction
 k - 3 potions of curing
 t - a potion of invisibility


   Skills:
 + Level 4.4 Fighting
 * Level 5.8 Long Blades
 - Level 1.7 Throwing
 - Level 2.6 Dodging


You had 5 spell levels left.
You didn't know any spells.
Your spell library contained the following spells:

 Spells                   Type           Power      Damage    Failure   Level
 Volatile Blastmotes      Fire/Tloc      0%         2d10      99%         3
 Fulminant Prism          Conj/Alch      0%         3d5       100%        4
 Iskenderun's Mystic Bla Conj/Tloc 0%             2d3        (+2d1     100%        4


Dungeon Overview and Level Annotations

Branches:
Dungeon (5/15)
 Temple: D:4-7

Altars:
Fedhas
Makhleb
Sif Muna

Shops:
D:1 *   D:4 :(   D:5 [=


Innate Abilities, Weirdness & Mutations

You have a somewhat thin skeletal structure. (Dex +2, Stealth+)
You have a tail ending in a sharp stinger.


Message History

You hit the hound but do no damage.
The hound is moderately wounded.
The shadow imp shouts, "Turn tail, thou cockered pigeon-egg puttock!"
The shadow imp hits you but does no damage.
The hound bites you but does no damage.
A sleepcap comes into view.
The shadow imp hits you but does no damage.
The hound closely misses you.
You barely miss the shadow imp.
Your tail-slap misses the shadow imp.
The hound bites you. The shadow imp hits you.
You closely miss the shadow imp. The hound bites you.
The hound bites you but does no damage. The sleepcap releases spores at you.
The shadow imp hits you but does no damage.
You hit the shadow imp but do no damage.
You tail-slap the shadow imp, but do no damage.
The hound bites you. The shadow imp completely misses you.
The sleepcap releases spores at you.
A sleepcap comes into view.
The hound bites you but does no damage.
You barely miss the shadow imp. The hound bites you but does no damage.
The shadow imp completely misses you. The sleepcap releases spores at you.
You are engulfed in a cloud of soporific spores!
You fall asleep.
The hound bites you but does no damage. The shadow imp completely misses you.
The sleepcap releases spores at you!
You wake up.
* * * LOW HITPOINT WARNING * * *
You are engulfed in a cloud of soporific spores!
You are unaffected.
The hound bites you.
* * * LOW HITPOINT WARNING * * *
You hit the shadow imp.
The shadow imp is moderately wounded.
The hound bites you but does no damage. The shadow imp completely misses you.
The sleepcap releases spores at you but does no damage.
You hit the shadow imp but do no damage.
The shadow imp is moderately wounded.
The sentinel's mark upon you fades away.
The hound bites you.
* * * LOW HITPOINT WARNING * * *
The shadow imp hits you.
You die...

#...###.#.#
###.##....# #
#....#### #. ###..#
#.# ##..## ##.##...#
#......##
#########..##
#whwJh@5...#
##f##S##f##.#
###..##.##.##.#
####.##...###.##.##.#
......Sw### #.##.#..#
#####.### #.##..∩.#
... #.####### #...
#.# #..## #..


You could see a water moccasin, 2 sleepcaps, 2 hounds, a jelly, a shadow imp and
2 dart slugs.

Vanquished Creatures
  A bombardier beetle (D:4)
  3 hounds
  A human skeleton (D:4)
  3 iguanas
  Natasha (thrice) (D:3)
  A hound skeleton (D:4)
  4 gnolls (D:3)
  An adder (D:5)
  A shadow imp (D:4)
  A dart slug (D:2)
  2 orcs
  3 endoplasms
  3 giant cockroaches
  7 goblins
  A hobgoblin (D:2)
  4 jackals (D:5)
  2 quokkas
  3 ball pythons
  2 bats (D:1)
  7 kobolds
  7 rats
60 creatures vanquished.

Notes
Turn   | Place    | Note
-------+----------+-------------------------------------------
     0 | D:1      | Orlauf the Demonspawn Gladiator began the quest for the
                  | Orb.
     0 | D:1      | Reached XP level 1. HP: 16/16 MP: 1/1
   368 | D:1      | Reached skill level 3 in Long Blades
   433 | D:1      | Gained mutation: You have a small tail. [demonic ancestry]
   433 | D:1      | Reached XP level 2. HP: 22/22 MP: 2/2
   761 | D:1      | Found Loghichy's Assorted Antiques.
   766 | D:1      | Bought a scroll labelled MEIREI OCZIRA for 21 gold pieces
  1290 | D:2      | Found a burning altar of Makhleb.
  1881 | D:3      | Noticed Natasha
  1891 | D:3      | Killed Natasha
  1892 | D:3      | Gained mutation: You have a tail ending in a sharp stinger.
                  | [demonic ancestry]
  1892 | D:3      | Reached XP level 3. HP: 26/28 MP: 3/3
  1961 | D:3      | Found a blossoming altar of Fedhas.
  2139 | D:3      | Reached skill level 4 in Long Blades
  2139 | D:3      | Gained mutation: You have a somewhat thin skeletal
                  | structure. (Dex +2, Stealth+) [demonic ancestry]
  2139 | D:3      | Reached XP level 4. HP: 25/34 MP: 4/4
  2373 | D:3      | Found a shimmering blue altar of Sif Muna.
  2481 | D:3      | Noticed Natasha
  2493 | D:3      | Killed Natasha
  2584 | D:3      | Noticed Natasha
  2592 | D:3      | Killed Natasha
  2593 | D:3      | Reached XP level 5. HP: 35/41 MP: 5/5
  2669 | D:4      | Reached skill level 5 in Long Blades
  2737 | D:4      | Found Nosorchuj's Weapon Shop.
  2944 | D:4      | Found Jiojusegh's Book Emporium.
  3269 | D:4      | Reached XP level 6. HP: 25/48 MP: 6/6
  3357 | D:4      | Found a burning altar of Makhleb.
  3404 | D:5      | Entered Level 5 of the Dungeon
  3408 | D:5      | Found Nuruasen's Armour Emporium.
  3477 | D:5      | Noticed a water moccasin
  3532 | D:5      | Found Piacriy's Jewellery Boutique.
  3593 | D:5      | Slain by a shadow imp

Illustrated notes

Levels and vault maps discovered:
D:1:      dpeg_arrival_radiant, layout_loops_ring, serial_shops,
          nicolae_shop_just_a_little_nook
D:2:      layout_loops_ring, basic_altar
D:3:      layout_basic, mainiacjoe_overflow_surrounded_room,
          lemuel_doored_altar, uniq_natasha
D:4:      layout_loops_ring, makhleb_blood_cavern_becter, serial_shops, shop,
          shop, serial_bayou, serial_bayou_shore_b, serial_bayou_crossing,
          serial_bayou_pond_e, serial_bayou_pond_a, kennysheep_generic_room_15
D:5:      minmay_angry_zag, layout_basic, general_overflow_altar,
          gammafunk_ghost_split, serial_shops, nicolae_shop_behind_doors,
          nicolae_shop_trees, shop, shop, shop

Skill      XL: |  1  2  3  4  5 |
---------------+----------------+-----
Long Blades    | 3 4 5 |  5.8
Fighting       | 3 4 |  4.4
Throwing       | |  1.7
Dodging        | |  2.6

Action                     |  1- 3 |  4- 6 || total
---------------------------+-------+-------++-------
  Melee: Long sword        |    97 |   117 ||   214
         Tailslap          |     2 |    16 ||    18
    Use: Scroll            |     8 |     6 ||    14
         Potion            |       |     1 ||     1
   Stab: Sleeping          |       |     1 ||     1
 Armour: Leather armour    |    29 |       ||    29
         Ring mail         |    37 |    22 ||    59
         Scale mail        |       |    75 ||    75
  Dodge: Dodged            |    54 |    81 ||   135

Table legend: (Time is in decaauts)
 A = Elapsed time spent in this place.
 B = Non-inter-level travel time spent in this place.
 C = Inter-level travel time spent in this place.
 D = Time resting spent in this place.
 E = Time spent auto-exploring this place.
 F = Levels seen in this place.
 G = Mean time per level.
                   A        B        C        D        E       F      G
               +--------+--------+--------+--------+--------+-----+--------+
         Total |   3649 |   3507 |    142 |    353 |   2563 |   5 |  729.8 |
       Dungeon |   3649 |   3507 |    142 |    353 |   2563 |   5 |  729.8 |
               +--------+--------+--------+--------+--------+-----+--------+

Top non-repeatable levels by time:
     D:3: 1040 daAuts
     D:1: 864 daAuts
     D:4: 795 daAuts
     D:2: 755 daAuts
     D:5: 193 daAuts
